 Dungeon Crawl Stone Soup version 0.22-a0-293-gc9362ec (webtiles) character file.

24451 vishdafish the Cleaver (level 13, -9/118 HPs)
             Began as a Hill Orc Fighter on Mar 24, 2018.
             Was a High Priest of Beogh.
             Mangled by an enormous slime creature (64 damage)
             ... on level 13 of the Dungeon.
             The game lasted 00:32:57 (13896 turns).

vishdafish the Cleaver (Hill Orc Fighter)          Turns: 13896, Time: 00:32:58

Health: -9/118     AC: 18    Str: 23    XL:     13   Next: 13%
Magic:  21/21      EV: 10    Int: 12    God:    Beogh [*****.]
Gold:   621        SH:  0    Dex: 10    Spells: 16/18 levels left

rFire    + + .     SeeInvis .   P - +3 executioner's axe (flame)
rCold    + + .     Gourm    +   (shield currently unavailable)
rNeg     + . .     Faith    .   H - +2 chain mail {rF+}
rPois    .         Spirit   .   t - +0 helmet
rElec    .         Reflect  .   d - scarf {rC+ rF+}
rCorr    .         Harm     .   m - +0 pair of gloves
MR       .....                  (no boots)
Stlth    ..........             G - amulet of the gourmand
HPRegen  0.69/turn              I - +3 ring of strength
MPRegen  0.17/turn              K - ring of positive energy

@: studying Armour
A: walk on water, cold resistance 1, regeneration 1, shaggy fur 1
a: Smiting, Recall Orcish Followers, Give Item to Named Follower, Renounce
Religion


You were on level 13 of the Dungeon.
You worshipped Beogh.
Beogh was extremely pleased with you.
You were not hungry.

You visited 1 branch of the dungeon, and saw 14 of its levels.
You also visited: Bailey.

You collected 859 gold pieces.
You spent 238 gold pieces at shops.

Inventory:

Hand Weapons
 a - a +0 war axe
 g - a +2 battleaxe
 z - a +0 flail of holy wrath
 D - a +3 hand axe
 P - a +3 executioner's axe of flaming (weapon)
 U - the +7 long sword of Youthful Indiscretion {flame, rN+ Int+4}
   (You found it on level 12 of the Dungeon)

   It has been specially enchanted to burn those struck by it, causing extra
   injury to most foes and up to half again as much damage against particularly
   susceptible opponents.
   Big, fiery blades are also staple armaments of hydra-hunters.
   It affects your intelligence (+4).
   It protects you from negative energy.
Missiles
 e - 16 javelins of returning
 J - a throwing net (quivered)
Armour
 d - a scarf of resistance (worn)
 m - a +0 pair of gloves (worn)
 t - a +0 helmet (worn)
 H - a +2 chain mail of fire resistance (worn)
Jewellery
 r - an uncursed ring of resist corrosion
 A - an uncursed ring of positive energy
 G - an amulet of the gourmand (around neck)
 I - a +3 ring of strength (left hand)
 K - a ring of positive energy (right hand)
 M - an uncursed ring of magical power
Wands
 c - a wand of iceblast (5)
 F - a wand of polymorph (17)
Scrolls
 b - a scroll of random uselessness {unknown}
 j - 5 scrolls of remove curse
 o - a scroll of fear {unknown}
 p - 10 scrolls of teleportation
 q - 4 scrolls of amnesia
 w - 2 scrolls of fog
 y - a scroll of immolation
 B - 3 scrolls of noise {unknown}
 E - 2 scrolls of blinking
 L - a scroll of enchant armour {unknown}
 Q - a scroll of magic mapping {unknown}
 S - 4 scrolls of identify
 V - a scroll of acquirement {unknown}
 W - 2 scrolls of holy word {unknown}
 X - 2 scrolls of vulnerability {unknown}
Potions
 h - 2 potions of brilliance
 i - 6 potions of curing
 k - 4 potions of ambrosia
 l - a potion of might
 n - a potion of flight
 s - a potion of resistance
 u - a potion of heal wounds
 v - 2 potions of mutation
 x - a potion of cancellation
 C - 2 potions of degeneration
 N - a potion of experience {unknown}
 R - 4 potions of agility
 T - a potion of magic {unknown}
 Y - 2 potions of berserk rage
 Z - a potion of invisibility
Books
 O - a manual of Armour
Comestibles
 f - 21 rations


   Skills:
 + Level 12.3 Fighting
 + Level 12.8 Axes
 + Level 11.6 Armour
 - Level 5.2 Dodging
   Level 6.9 Shields
 + Level 3.0 Spellcasting
 * Level 5.5 Charms
 - Level 11.0 Invocations


You had 16 spell levels left.
You knew the following spells:

 Your Spells              Type           Power        Failure   Level  Hunger
a - Song of Slaying       Chrm           ###.....     21%         2    ###....


Dungeon Overview and Level Annotations

Branches:
Dungeon (14/15)            Temple (0/1) D:7            Lair (0/6) D:9
    Orc (0/2) D:10         Vaults (0/5) D:13

Altars:
Ashenzari
Cheibriados
Fedhas
Gozag
Nemelex Xobeh
Ru
Trog
Xom
The Shining One

Shops:
D:13 !


Innate Abilities, Weirdness & Mutations

You can walk on water.
Your flesh is cold resistant. (rC+)
Your natural rate of healing is unusually fast.
You are covered in fur. (AC +1)


Message History

You are too injured to fight recklessly!
You are too injured to fight recklessly!
You are too injured to fight recklessly!
You are too injured to fight recklessly!
You are too injured to fight recklessly!
You are too injured to fight recklessly!
You are too injured to fight recklessly!
You are too injured to fight recklessly!
You are too injured to fight recklessly!
You are too injured to fight recklessly!
You swap places.
Your orc knight hits the enormous slime creature with a halberd!
The enormous slime creature hits your orc knight!!
Your orc knight hits the enormous slime creature with a halberd!
The enormous slime creature hits your orc knight!
You swap places.
Your orc knight hits the enormous slime creature from afar with a halberd!
The enormous slime creature hits you!!!
Ouch! That really hurt!
You die...

#.#....ooo....#oooo
#.#.##..##......#o#
#..ooo..###...###.#
###o##.###.<...##o#
#o##.####...###.#
#o##............#
#o########.######
#####o# #.# #..J@.#
#+# #.#####


You could see an enormous slime creature, 2 friendly orc knights, the friendly
Boderik the orc knight, 2 friendly orc warriors, the friendly Beowulf the orc
warrior and a friendly orc.

Vanquished Creatures
  2 vault guards (D:13)
  5 two-headed ogres
  An unseen horror (D:10)
  Pikel (D:8)
  A necromancer (D:13)
  2 ugly things
  A cyclops (D:11)
  3 centaur zombies
  Joseph (D:8)
  Psyche (D:11)
  3 trolls
  3 slime creatures (D:14)
  Prince Ribbit (D:9)
  A hippogriff (D:8)
  The ghost of zkyp the Ducker, an amateur KoGl (D:4)
  A flying skull (D:11)
  A wraith (D:11)
  9 humans (D:13)
  Menkaure (D:7)
  A warg (D:10)
  A water moccasin (D:6)
  A hornet zombie (D:11)
  8 orc warriors
  5 ice beasts
  4 sky beasts
  2 necrophages
  An eye of draining (D:8)
  A slave (D:9)
  3 ogres
  2 phantoms
  5 centaurs
  A crocodile (D:10)
  A big kobold (D:11)
  Blork the orc (D:6)
  9 bullfrogs
  2 scorpions
  A water moccasin skeleton (D:4)
  The ghost of ThereIsNoGod the Sneak, a weakling NaIE (D:3)
  An oklob sapling (D:7)
  3 jellies
  6 wights
  3 howler monkeys
  6 crimson imps
  A quasit (D:9)
  2 bullfrog zombies
  6 hounds
  3 orc priests
  3 bullfrog skeletons
  12 orc wizards
  A centaur skeleton (D:5)
  A gnoll shaman (D:6)
  5 iguanas
  7 worker ants
  A hound skeleton (D:4)
  3 worker ant zombies
  18 gnolls
  3 howler monkey skeletons
  7 adders
  2 shadow imps
  2 oozes (D:3)
  An adder zombie (D:9)
  An adder skeleton (D:4)
  4 worms
  3 dart slugs
  25 orcs
  9 bats
  4 giant cockroaches
  13 goblins
  11 hobgoblins
  10 jackals
  20 kobolds
  6 quokkas
  2 ball pythons
  5 frilled lizards
  A quokka skeleton (D:6)
  10 rats
  A plant (D:7)
311 creatures vanquished.

Vanquished Creatures (collateral kills)
  A hydra (D:12)
  A wizard (D:13)
  A necromancer (D:11)
  7 ugly things
  A centaur zombie (D:12)
  A centaur skeleton (D:11)
  A troll (D:10)
  A slime creature (D:14)
  3 shadows (D:11)
  3 flying skulls (D:11)
  A wyvern (D:12)
  5 wraiths
  12 humans (D:13)
  An acid dragon (D:12)
  2 sky beasts
  2 necrophages
  An ice beast (D:12)
  2 orc warriors
  An ogre (D:12)
  6 centaurs (Bailey)
  A bullfrog (D:13)
  A water moccasin skeleton (D:11)
  A wyvern skeleton (D:11)
  6 wights (D:11)
  2 howler monkeys
  A crimson imp (D:12)
  A bullfrog zombie (D:11)
  A hound (D:11)
  An orc wizard (D:12)
  A worker ant (D:11)
  A hound zombie (D:11)
  5 worker ant zombies (D:11)
  A leopard gecko (D:10)
  6 orcs (Bailey)
  3 kobolds (D:11)
85 creatures vanquished.

Vanquished Creatures (others)
  2 orc knights (D:14)
  An orc warrior (Bailey)
  A slave (D:9)
  An orc wizard (D:12)
  10 orcs
  A hobgoblin (D:4)
16 creatures vanquished.

Grand Total: 412 creatures vanquished

Notes
Turn   | Place    | Note
-------+----------+-------------------------------------------
     0 | D:1      | vishdafish the Hill Orc Fighter began the quest for the Orb.
     0 | D:1      | Reached XP level 1. HP: 19/19 MP: 1/1
   107 | D:1      | Reached XP level 2. HP: 21/27 MP: 2/2
   372 | D:1      | Reached XP level 3. HP: 29/33 MP: 3/3
   780 | D:2      | Reached XP level 4. HP: 34/40 MP: 4/4
  1372 | D:2      | Reached XP level 5. HP: 45/47 MP: 5/5
  1875 | D:3      | Found a shimmering altar of Xom.
  1877 | D:3      | Found a glowing golden altar of the Shining One.
  1941 | D:4      | Reached skill level 5 in Axes
  1969 | D:4      | Noticed zkyp's ghost (amateur KoGl)
  1994 | D:3      | Noticed ThereIsNoGod's ghost (weakling NaIE)
  2021 | D:3      | Killed ThereIsNoGod's ghost
  2021 | D:3      | Reached XP level 6. HP: 21/55 MP: 6/6
  2269 | D:3      | Found a blossoming altar of Fedhas.
  3164 | D:4      | Reached skill level 5 in Fighting
  3490 | D:4      | Reached XP level 7. HP: 56/61 MP: 7/7
  3520 | D:4      | Became a worshipper of Beogh the Brigand
  3872 | D:4      | Killed zkyp's ghost
  3872 | D:4      | Reached skill level 1 in Dodging
  4208 | D:4      | Found a sacrificial altar of Ru.
  4245 | D:5      | Entered Level 5 of the Dungeon
  4498 | D:5      | Reached XP level 8. HP: 70/70 MP: 8/8
  4646 | D:5      | Reached * piety under Beogh
  4997 | D:5      | Found a snail-covered altar of Cheibriados.
  5476 | D:7      | Found an opulent altar of Gozag.
  5486 | D:7      | Noticed Menkaure
  5492 | D:7      | Killed Menkaure
  5717 | D:6      | Reached skill level 10 in Axes
  5778 | D:6      | Reached skill level 1 in Invocations
  5778 | D:6      | Reached XP level 9. HP: 46/79 MP: 8/10
  5969 | D:6      | Noticed Blork the orc
  5994 | D:6      | Killed Blork the orc
  6152 | D:6      | Reached ** piety under Beogh
  6422 | D:7      | Found a staircase to the Ecumenical Temple.
  6618 | D:7      | Found a sparkling altar of Nemelex Xobeh.
  6683 | D:8      | Noticed a two-headed ogre
  6698 | D:8      | Killed a two-headed ogre
  6698 | D:8      | Reached skill level 5 in Armour
  6698 | D:8      | Reached skill level 5 in Shields
  6698 | D:8      | Reached skill level 5 in Invocations
  7343 | D:8      | Reached XP level 10. HP: 29/90 MP: 13/15
  7654 | D:8      | Found a bloodstained altar of Trog.
  8207 | D:9      | Noticed a two-headed ogre
  8233 | D:8      | Killed a two-headed ogre
  8481 | D:9      | Noticed a two-headed ogre
  8497 | D:9      | Killed a two-headed ogre
  8502 | D:9      | Found a shattered altar of Ashenzari.
  8531 | D:9      | Noticed Prince Ribbit
  8715 | D:9      | Noticed Joseph
  8715 | D:9      | Killed Prince Ribbit
  8716 | D:9      | Noticed Pikel
  8736 | D:8      | Killed Pikel
  9129 | D:8      | Killed Joseph
  9129 | D:8      | Reached skill level 10 in Invocations
  9129 | D:8      | Reached XP level 11. HP: 46/99 MP: 18/18
  9326 | D:9      | Reached skill level 10 in Fighting
  9351 | D:9      | Reached *** piety under Beogh
  9474 | D:9      | Found a staircase to the Lair.
  9579 | D:10     | Entered Level 10 of the Dungeon
  9884 | D:10     | Killed an unseen horror
  9904 | D:10     | Gained mutation: Your flesh is cold resistant. (rC+) [potion of mutation]
  9904 | D:10     | Gained mutation: You are covered in fur. (AC +1) [potion of mutation]
  9904 | D:10     | Gained mutation: Your natural rate of healing is unusually fast. [potion of mutation]
  9917 | D:10     | Found a staircase to the Orcish Mines.
  9958 | D:10     | Noticed a two-headed ogre
  9965 | D:10     | Killed a two-headed ogre
 10396 | D:10     | Noticed a two-headed ogre
 10402 | D:10     | Killed a two-headed ogre
 10670 | D:11     | Found a flagged portal.
 10678 | D:11     | Reached **** piety under Beogh
 10686 | Bailey   | Entered a bailey
 10876 | Bailey   | Gained Wargath as an ally
 10886 | Bailey   | Gained Beowulf as an ally
 11377 | D:11     | Noticed a necromancer
 11386 | D:11     | Killed a necromancer
 11388 | D:11     | Reached skill level 5 in Dodging
 11388 | D:11     | Reached XP level 12. HP: 68/110 MP: 20/20
 11623 | D:11     | Learned a level 2 spell: Song of Slaying
 11695 | D:11     | Noticed Psyche
 11697 | D:11     | Reached ***** piety under Beogh
 11702 | D:11     | Killed Psyche
 11702 | D:11     | Reached skill level 1 in Charms
 12102 | D:12     | Reached skill level 10 in Armour
 12145 | D:12     | Noticed a six-headed hydra
 12151 | D:12     | Killed a three-headed hydra
 12153 | D:12     | Reached skill level 1 in Spellcasting
 12220 | D:12     | Gained Ognian as an ally
 12259 | D:12     | Got a fine long sword
 12260 | D:12     | Identified the +7 long sword of Youthful Indiscretion {flame, rN+ Int+4} (You found it on level 12 of the Dungeon)
 13044 | D:13     | Gained Boderik as an ally
 13079 | D:13     | Found a gate to the Vaults.
 13079 | D:13     | Noticed a vault guard
 13079 | D:13     | Noticed a vault guard
 13083 | D:13     | Killed a vault guard
 13085 | D:13     | Killed a vault guard
 13228 | D:13     | You fall through a shaft!
 13304 | D:14     | Your ally Ognian died
 13306 | D:14     | Reached XP level 13. HP: 39/118 MP: 21/21
 13307 | D:14     | Reached skill level 5 in Charms
 13311 | D:14     | Your ally Wargath died
 13489 | D:13     | Gained Gorm as an ally
 13756 | D:13     | Found Wompoimp's Distillery.
 13761 | D:13     | Bought a potion of berserk rage for 70 gold pieces
 13761 | D:13     | Bought a potion of invisibility for 112 gold pieces
 13761 | D:13     | Bought a potion of agility for 56 gold pieces
 13896 | D:13     | Mangled by an enormous slime creature

Vault maps used:
D:1:      evilmike_arrival_fibonacci_small
D:2:      minmay_diamond_boxcup
D:3:      old_standard_altar, chequers_temple_overflow_statue_of_worship
D:4:      corexii_shantytown, nicolae_ru_path_of_blood, first_ration
D:5:      nicolae_overflow_hidden_temple, minivault_24, minmay_misc_feat_x
D:6:      serial_glass, glass_columns_c, glass_columns_c, uniq_blork_the_orc
D:7:      grunt_gozag_statues, minmay_temple_entry_oklob,
          nemelex_diamond_rough_becter, uniq_menkaure
D:8:      bloody_trog
D:9:      ashenzari_altar_1, lair_entry_dummy, uniq_joseph, uniq_pikel,
          uniq_prince_ribbit1
D:10:     david_orc_3
D:11:     hangedman_screamer, enter_bailey_2, uniq_psyche
D:13:     grunt_vaults_entry_tiered, serial_shops, kennysheep_little_box
D:14:     grunt_decor_one_mirror
Bailey:   bailey_polearm_flooded_kennysheep, bailey

Skill      XL: |  1  2  3  4  5  6  7  8  9 10 11 12 13 |
---------------+----------------------------------------+-----
Axes           | 3 4 5 6 8 10 11 12 | 12.8
Fighting       | 4 5 6 7 8 9 11 12 | 12.3
Armour         | 4 5 7 9 11 | 11.6
Shields        | 4 5 6 |  6.9
Dodging        | 2 3 5 |  5.2
Invocations    | 1 6 10 11 | 11.0
Charms         | 4 5 |  5.5
Spellcasting   | 2 3 |  3.0

Action                   |  1- 3 |  4- 6 |  7- 9 | 10-12 | 13-15 || total
-------------------------+-------+-------+-------+-------+-------++-------
Melee: War axe           |    94 |   288 |   321 |   143 |       ||   846
       Hand axe          |       |     3 |       |       |       ||     3
       Battleaxe         |       |       |       |   210 |       ||   210
       Executioner's axe |       |       |       |   115 |    50 ||   165
Invok: Convert to Beogh  |       |       |     1 |       |       ||     1
       Recall Orcish Fol |       |       |       |     4 |     1 ||     5
       Give Item to Name |       |       |       |     1 |       ||     1
Evoke: Wand              |       |       |    11 |     6 |       ||    17
  Use: Potion            |       |     1 |     1 |     5 |       ||     7
       Scroll            |       |       |    10 |    13 |     1 ||    24
 Stab: Distracted        |       |       |       |     5 |       ||     5
  Eat: Chunk             |       |     5 |     8 |    17 |     3 ||    33
       Ration            |       |     1 |     1 |     1 |       ||     3
Armor: Scale mail        |    51 |   128 |    90 |    28 |       ||   297
       Chain mail        |       |       |       |   280 |    42 ||   322
       Skin              |       |       |       |     8 |       ||     8
Dodge: Dodged            |    30 |    84 |   100 |   234 |    29 ||   477
Block: Shield            |    50 |   150 |   139 |    76 |       ||   415

Table legend:
 A = Spawn XP
 B = Non-spawn XP
 C = Spawn XP percentage of total XP
 D = Spawn monster count
 E = Non-spawn monster count
 F = Spawn count percentage of total count
 G = Total turns spent on level
                    A         B        C        D         E        F      G
               +---------+---------+-------+---------+---------+-------+---------
         Total |       0 |   34931 |   0.0 |       0 |     394 |   0.0 | 13896
               +---------+---------+-------+---------+---------+-------+---------
           D:1 |       0 |      49 |   0.0 |       0 |      21 |   0.0 |   654
           D:2 |       0 |     138 |   0.0 |       0 |      30 |   0.0 |   967
           D:3 |       0 |     174 |   0.0 |       0 |      34 |   0.0 |  1233
           D:4 |       0 |     612 |   0.0 |       0 |      42 |   0.0 |  1391
           D:5 |       0 |     695 |   0.0 |       0 |      13 |   0.0 |   876
           D:6 |       0 |    1034 |   0.0 |       0 |      29 |   0.0 |   939
           D:7 |       0 |     623 |   0.0 |       0 |      11 |   0.0 |   623
           D:8 |       0 |    4179 |   0.0 |       0 |      23 |   0.0 |  2408
           D:9 |       0 |    2606 |   0.0 |       0 |      29 |   0.0 |   488
          D:10 |       0 |    5180 |   0.0 |       0 |      26 |   0.0 |   964
          D:11 |       0 |    4503 |   0.0 |       0 |      51 |   0.0 |   997
          D:12 |       0 |    3418 |   0.0 |       0 |      21 |   0.0 |   929
          D:13 |       0 |    7061 |   0.0 |       0 |      33 |   0.0 |   686
          D:14 |       0 |    3668 |   0.0 |       0 |      12 |   0.0 |   219
        Bailey |       0 |     991 |   0.0 |       0 |      19 |   0.0 |   522
               +---------+---------+-------+---------+---------+-------+---------
